MWL (24 & UNDER)
WISCONSIN RAPIDS RANGERS @ ERIE JAXX
04/16/2027
 
TOP OF THE 1ST
Wisconsin Rapids Rangers batting - Pitching for Erie Jaxx : LHP Francisco Rodríguez
Pitching: LHP Francisco Rodríguez
Batting: RHB Eric Thompson 0-0: Called Strike
0-1: Ground out 4-3 (Groundball, 4)
Batting: LHB Ramón Córdova 0-0: Swinging Strike
Error on foul ball, E5
0-2: Strikes out swinging
Batting: RHB Jesús Cabrera 0-0: Fly out, F8 (Flyball, 78M)
Top of the 1st over - 0 run(s), 0 hit(s), 1 error(s), 0 left on base; Wisconsin Rapids 0 - Erie 0
BOTTOM OF THE 1ST
Erie Jaxx batting - Pitching for Wisconsin Rapids Rangers : RHP Juan Contreras
Pitching: RHP Juan Contreras
Batting: RHB Edgardo Castro 0-0: Called Strike
0-1: SINGLE (Line Drive, 56D)
Batting: SHB Giel Molendijk 0-0: Ball
1-0: Foul Ball, location: 2F
1-1: Swinging Strike
1-2: Foul Ball, location: 2F
1-2: Strikes out swinging
Batting: SHB José Durango 0-0: Called Strike
0-1: Swinging Strike
0-2: Ball
1-2: Foul Ball, location: 2F
1-2: Strikes out looking
Batting: SHB Michael Field 0-0: Called Strike
0-1: Called Strike
0-2: Ball
1-2: Ball
2-2: Strikes out looking
Bottom of the 1st over - 0 run(s), 1 hit(s), 0 error(s), 1 left on base; Wisconsin Rapids 0 - Erie 0
TOP OF THE 2ND
Wisconsin Rapids Rangers batting - Pitching for Erie Jaxx : LHP Francisco Rodríguez
Batting: RHB Juan García 0-0: Ball
1-0: Ball
2-0: Ball
3-0: Called Strike
3-1: Base on Balls
Batting: RHB Aurelio Cruz 0-0: SINGLE (Groundball, 56D)
Juan García to second
Batting: RHB Miguel Toro 0-0: Called Strike
0-1: Foul Ball, location: 2F
0-2: Ball
1-2: Ball
2-2: Strikes out looking
Batting: LHB Jeff Forsyth 0-0: Called Strike
0-1: DOUBLE (Line Drive, 78XD)
Juan García scores
Aurelio Cruz to third
Runner from 3rd tries for Home, SAFE, no throw
Batting: RHB António Martínez 0-0: Called Strike
0-1: Called Strike
0-2: Ball
1-2: Ball
2-2: Fly out, F9 (Flyball, 9S)
Batting: LHB Ralph Cobb 0-0: Called Strike
0-1: Ball
1-1: Ball
2-1: Foul Ball, location: 2F
2-2: Strikes out swinging
Top of the 2nd over - 2 run(s), 2 hit(s), 0 error(s), 1 left on base; Wisconsin Rapids 2 - Erie 0
BOTTOM OF THE 2ND
Erie Jaxx batting - Pitching for Wisconsin Rapids Rangers : RHP Juan Contreras
Batting: RHB José Hernández 0-0: Ball
1-0: Ball
2-0: Foul Ball, location: 2F
2-1: Ground out 1-3 (Groundball, 13)
Batting: RHB Andrés Silva 0-0: Ball
1-0: SINGLE (Line Drive, 89S)
Batting: RHB Ángel Serrano 0-0: Ball
1-0: Swinging Strike
1-1: Grounds into double play, 6-4-3 (Groundball, 6)
Bottom of the 2nd over - 0 run(s), 1 hit(s), 0 error(s), 0 left on base; Wisconsin Rapids 2 - Erie 0
TOP OF THE 3RD
Wisconsin Rapids Rangers batting - Pitching for Erie Jaxx : LHP Francisco Rodríguez
Batting: RHB Eric Thompson 0-0: Ball
1-0: SINGLE (Line Drive, 8LS)
Batting: LHB Ramón Córdova 0-0: Ball
1-0: Called Strike
1-1: Foul Ball, location: 2F
1-2: Foul Ball, location: 2F
1-2: Ball
2-2: Ball
3-2: Base on Balls
Eric Thompson to second
Batting: RHB Jesús Cabrera 0-0: SINGLE (Line Drive, 56)
Eric Thompson to third
Ramón Córdova to second
Batting: RHB Juan García 0-0: Fly out, F7 (Flyball, 78M)
Runner from 3rd tags up, SCORES, no throw
Batting: RHB Aurelio Cruz 0-0: Ball
1-0: Ball
2-0: Called Strike
2-1: SINGLE (Groundball, 34D)
Ramón Córdova to third
Jesús Cabrera to second
Runner from 3rd tries for Home, SAFE, no throw
Batting: RHB Miguel Toro 0-0: Fly out, F7 (Line Drive, 7)
Batting: LHB Jeff Forsyth 0-0: Foul Ball, location: 2F
0-1: Swinging Strike
0-2: Strikes out looking
Top of the 3rd over - 2 run(s), 3 hit(s), 0 error(s), 2 left on base; Wisconsin Rapids 4 - Erie 0
BOTTOM OF THE 3RD
Erie Jaxx batting - Pitching for Wisconsin Rapids Rangers : RHP Juan Contreras
Batting: RHB Ed Keesee 0-0: Reached on error, E6 (Groundball, 6)
Batting: RHB Júlio Hernández 0-0: Ball
1-0: Swinging Strike
1-1: Swinging Strike
1-2: Strikes out looking
Batting: RHB Edgardo Castro 0-0: Ball
1-0: Called Strike
1-1: Swinging Strike
1-2: Ball
2-2: Foul Ball, location: 2F
2-2: Ball
3-2: Base on Balls
Batting: SHB Giel Molendijk 0-0: Ball
1-0: DOUBLE (Flyball, 78M)
Ed Keesee scores
Edgardo Castro to third
Batting: SHB José Durango 0-0: Ball
1-0: Ball
2-0: Ball
3-0: Called Strike
3-1: Ground out U3 (Groundball, 3L)
Batting: SHB Michael Field 0-0: Swinging Strike
0-1: Ball
1-1: Swinging Strike
1-2: Strikes out swinging
Bottom of the 3rd over - 1 run(s), 1 hit(s), 1 error(s), 2 left on base; Wisconsin Rapids 4 - Erie 1
TOP OF THE 4TH
Wisconsin Rapids Rangers batting - Pitching for Erie Jaxx : LHP Francisco Rodríguez
Batting: RHB António Martínez 0-0: Ball
1-0: Ball
2-0: Ball
3-0: Base on Balls
Batting: LHB Ralph Cobb 0-0: Called Strike
0-1: Called Strike
0-2: Ball
1-2: Fly out, F7 (Flyball, 7S)
Batting: RHB Eric Thompson 0-0: Ball
1-0: SINGLE (Groundball, 15) (infield hit)
António Martínez to second
Batting: LHB Ramón Córdova 0-0: Foul Ball, location: 2F
0-1: Foul Ball, location: 2F
0-2: SINGLE (Line Drive, 34)
António Martínez to third
Eric Thompson to second
Runner from 3rd tries for Home, SAFE, throw made home
Eric Thompson to third
Ramón Córdova to second
Batting: RHB Jesús Cabrera 0-0: Called Strike
0-1: Ball
1-1: Foul Ball, location: 2F
1-2: Fly out, F8 (Flyball, 89M)
Runner from 3rd tags up, SCORES, no throw
Pitching: RHP Jorge Ríos
Batting: RHB Juan García 0-0: Ball
1-0: Ball
2-0: Called Strike
2-1: Ball
3-1: Base on Balls
Batting: RHB Aurelio Cruz 0-0: Ball
1-0: Ball
2-0: Foul Ball, location: 2F
2-1: Foul Ball, location: 2F
2-2: Foul Ball, location: 2F
2-2: Ball
3-2: Strikes out looking
Top of the 4th over - 2 run(s), 2 hit(s), 0 error(s), 2 left on base; Wisconsin Rapids 6 - Erie 1
BOTTOM OF THE 4TH
Erie Jaxx batting - Pitching for Wisconsin Rapids Rangers : RHP Juan Contreras
Batting: RHB José Hernández 0-0: Ball
1-0: Foul Ball, location: 2F
1-1: SINGLE (Flyball, 8RS)
Batting: RHB Andrés Silva 0-0: Foul Ball, location: 2F
0-1: Ball
1-1: Fly out, F5 (Popup, 5D)
Batting: RHB Ángel Serrano 0-0: Ball
1-0: Ball
2-0: Called Strike
2-1: Foul Ball, location: 2F
2-2: Strikes out swinging
Batting: RHB Ed Keesee 0-0: Foul Ball, location: 2F
0-1: Ball
1-1: Called Strike
1-2: Fly out, F9 (Flyball, 9S)
Bottom of the 4th over - 0 run(s), 1 hit(s), 0 error(s), 1 left on base; Wisconsin Rapids 6 - Erie 1
TOP OF THE 5TH
Wisconsin Rapids Rangers batting - Pitching for Erie Jaxx : RHP Jorge Ríos
Batting: RHB Miguel Toro 0-0: Called Strike
0-1: Fly out, F7 (Line Drive, 7)
Batting: LHB Jeff Forsyth 0-0: Ball
1-0: Swinging Strike
1-1: Fly out, F7 (Flyball, 7S)
Batting: RHB António Martínez 0-0: Ball
1-0: Foul Ball, location: 2F
1-1: SINGLE (Line Drive, 6)
Batting: LHB Ralph Cobb 0-0: Called Strike
0-1: SINGLE (Groundball, 34S) (infield hit)
António Martínez to second
Batting: RHB Eric Thompson 0-0: Called Strike
0-1: Ball
1-1: Called Strike
1-2: Foul Ball, location: 2F
1-2: SINGLE (Groundball, 4D)
António Martínez to third
Ralph Cobb to second
Runner from 3rd tries for Home, SAFE, no throw
Batting: LHB Ramón Córdova 0-0: Ball
1-0: Swinging Strike
1-1: Ball
2-1: Foul Ball, location: 2F
2-2: Foul Ball, location: 2F
2-2: Ball
3-2: Foul Ball, location: 2F
3-2: Foul Ball, location: 2F
3-2: Ground out 3-1 (Groundball, 34S)
Top of the 5th over - 1 run(s), 3 hit(s), 0 error(s), 2 left on base; Wisconsin Rapids 7 - Erie 1
BOTTOM OF THE 5TH
Erie Jaxx batting - Pitching for Wisconsin Rapids Rangers : RHP Juan Contreras
Batting: RHB Júlio Hernández 0-0: Ball
1-0: Ball
2-0: Foul Ball, location: 2F
2-1: Ball
3-1: Base on Balls
Batting: RHB Edgardo Castro 0-0: Swinging Strike
0-1: Swinging Strike
0-2: Ball
1-2: Ball
2-2: Foul Ball, location: 2F
2-2: Ball
3-2: Base on Balls
Júlio Hernández to second
Batting: SHB Giel Molendijk 0-0: SINGLE (Groundball, 6D)
Júlio Hernández to third
Edgardo Castro to second
Runner from 3rd tries for Home, throw and OUT!
Edgardo Castro to third
Giel Molendijk to second
Batting: SHB José Durango 0-0: Called Strike
0-1: Ball
1-1: Ball
2-1: Foul Ball, location: 2F
2-2: Foul Ball, location: 2F
2-2: Ball
3-2: Strikes out swinging
Batting: SHB Michael Field 0-0: Ball
1-0: Ball
2-0: Swinging Strike
2-1: Called Strike
2-2: Foul Ball, location: 2F
2-2: Ball
3-2: Ground out U3 (Groundball, 34S)
Bottom of the 5th over - 0 run(s), 1 hit(s), 0 error(s), 2 left on base; Wisconsin Rapids 7 - Erie 1
TOP OF THE 6TH
Wisconsin Rapids Rangers batting - Pitching for Erie Jaxx : RHP Jorge Ríos
Batting: RHB Jesús Cabrera 0-0: Called Strike
0-1: Ball
1-1: Ball
2-1: Ground out 6-3 (Groundball, 6)
Batting: RHB Juan García 0-0: Called Strike
0-1: Ground out 6-3 (Groundball, 56)
Batting: RHB Aurelio Cruz 0-0: Foul Ball, location: 2F
0-1: Called Strike
0-2: Ball
1-2: SOLO HOME RUN (Flyball, 78XD), Distance : 408 ft
Batting: RHB Miguel Toro 0-0: Foul Ball, location: 2F
0-1: Ball
1-1: Ground out 6-3 (Groundball, 6)
Top of the 6th over - 1 run(s), 1 hit(s), 0 error(s), 0 left on base; Wisconsin Rapids 8 - Erie 1
BOTTOM OF THE 6TH
Erie Jaxx batting - Pitching for Wisconsin Rapids Rangers : RHP Juan Contreras
Pitching: LHP Sam Olson
Batting: RHB José Hernández 0-0: SINGLE (Groundball, 56D)
Batting: RHB Andrés Silva 0-0: Swinging Strike
0-1: Ball
1-1: Swinging Strike
1-2: Foul Ball, location: 2F
1-2: Ball
2-2: Foul Ball, location: 2F
2-2: Ball
3-2: Foul Ball, location: 2F
3-2: Strikes out looking
Batting: RHB Ángel Serrano 0-0: Ball
1-0: Ball
2-0: Called Strike
2-1: Ball
3-1: Foul Ball, location: 2F
3-2: Base on Balls
José Hernández to second
Batting: RHB Ed Keesee 0-0: Ball
1-0: Called Strike
1-1: Called Strike
1-2: SINGLE (Groundball, 6MD)
José Hernández to third
Ángel Serrano to second
Runner from 3rd tries for Home, SAFE, throw made home
Ángel Serrano to third
Ed Keesee to second
Batting: RHB Júlio Hernández 0-0: Ground out 5-3 (Groundball, 56)
Ángel Serrano scores
Pitching: RHP Valentín Mejía
Batting: RHB Edgardo Castro 0-0: Called Strike
0-1: Foul Ball, location: 2F
0-2: Foul Ball, location: 2F
0-2: Ball
1-2: Ball
2-2: Ball
3-2: Base on Balls
Batting: SHB Giel Molendijk 0-0: Ball
1-0: Ball
2-0: Swinging Strike
2-1: Swinging Strike
2-2: DOUBLE (Flyball, 78D)
Ed Keesee scores
Edgardo Castro to third
Batting: SHB José Durango 0-0: Ball
1-0: Ball
2-0: Ball
3-0: Called Strike
3-1: Ground out 3-1 (Groundball, 34S)
Bottom of the 6th over - 3 run(s), 3 hit(s), 0 error(s), 2 left on base; Wisconsin Rapids 8 - Erie 4
TOP OF THE 7TH
Wisconsin Rapids Rangers batting - Pitching for Erie Jaxx : RHP Jorge Ríos
Pitching: RHP Ernest Elliott
Batting: LHB Jeff Forsyth 0-0: Fly out, F3 (Popup, 3L)
Batting: RHB António Martínez 0-0: Ball
1-0: Foul Ball, location: 2F
1-1: Swinging Strike
1-2: Strikes out swinging
Batting: LHB Ralph Cobb 0-0: Ball
1-0: Swinging Strike
1-1: Fly out, F7 (Flyball, 7LSF)
Top of the 7th over - 0 run(s), 0 hit(s), 0 error(s), 0 left on base; Wisconsin Rapids 8 - Erie 4
BOTTOM OF THE 7TH
Erie Jaxx batting - Pitching for Wisconsin Rapids Rangers : RHP Valentín Mejía
Batting: SHB Michael Field 0-0: DOUBLE (Line Drive, 8RD)
Batting: RHB José Hernández 0-0: Ball
1-0: Foul Ball, location: 2F
1-1: Ball
2-1: Foul Ball, location: 2F
2-2: Strikes out looking
Batting: RHB Andrés Silva 0-0: Ball
1-0: Ball
2-0: Called Strike
2-1: Foul Ball, location: 2F
2-2: Ball
3-2: Foul Ball, location: 2F
3-2: Base on Balls
Pitching: RHP Júlio Feliciano
Batting: RHB Ángel Serrano 0-0: Ball
1-0: Called Strike
1-1: SINGLE (Line Drive, 7S)
Michael Field to third
Andrés Silva to second
Batting: RHB Ed Keesee 0-0: Called Strike
0-1: Ball
1-1: Called Strike
1-2: Foul Ball, location: 2F
1-2: Strikes out looking
Batting: RHB Júlio Hernández 0-0: Called Strike
0-1: Called Strike
0-2: Ball
1-2: Strikes out swinging
Bottom of the 7th over - 0 run(s), 2 hit(s), 0 error(s), 3 left on base; Wisconsin Rapids 8 - Erie 4
TOP OF THE 8TH
Wisconsin Rapids Rangers batting - Pitching for Erie Jaxx : RHP Ernest Elliott
Batting: RHB Eric Thompson 0-0: Ball
1-0: Foul Ball, location: 2F
1-1: Ground out U3 (Groundball, 3S)
Batting: LHB Ramón Córdova 0-0: Foul Ball, location: 2F
0-1: Swinging Strike
0-2: Ball
1-2: Strikes out swinging, 2-3 out at first.
Batting: RHB Jesús Cabrera 0-0: Foul Ball, location: 2F
0-1: Ball
1-1: Reached via error on a dropped throw, E3
Batting: RHB Juan García 0-0: Ball
1-0: Ball
Jesús Cabrera is caught stealing 2nd base
Top of the 8th over - 0 run(s), 0 hit(s), 1 error(s), 0 left on base; Wisconsin Rapids 8 - Erie 4
BOTTOM OF THE 8TH
Erie Jaxx batting - Pitching for Wisconsin Rapids Rangers : RHP Júlio Feliciano
Batting: RHB Edgardo Castro 0-0: Called Strike
0-1: Ground out 6-3 (Groundball, 6S)
Batting: SHB Giel Molendijk 0-0: Ball
1-0: Ground out 3-1 (Groundball, 34S)
Batting: SHB José Durango 0-0: Fly out, F8 (Flyball, 78S)
Bottom of the 8th over - 0 run(s), 0 hit(s), 0 error(s), 0 left on base; Wisconsin Rapids 8 - Erie 4
TOP OF THE 9TH
Wisconsin Rapids Rangers batting - Pitching for Erie Jaxx : RHP Ernest Elliott
Batting: RHB Juan García 0-0: Ground out 4-3 (Groundball, 4)
Batting: RHB Aurelio Cruz 0-0: Ground out 3-1 (Groundball, 34)
Batting: RHB Miguel Toro 0-0: Ball
1-0: Ball
2-0: Ground out 5-3 (Groundball, 56)
Top of the 9th over - 0 run(s), 0 hit(s), 0 error(s), 0 left on base; Wisconsin Rapids 8 - Erie 4
BOTTOM OF THE 9TH
Erie Jaxx batting - Pitching for Wisconsin Rapids Rangers : RHP Júlio Feliciano
Pitching: RHP Jesús Sánchez
Batting: SHB Michael Field 0-0: Ball
1-0: Foul Ball, location: 2F
1-1: Called Strike
1-2: Fly out, F8 (Flyball, 8LD)
Batting: RHB José Hernández 0-0: Called Strike
0-1: SINGLE (Line Drive, 56D)
Batting: RHB Andrés Silva 0-0: Called Strike
0-1: Ball
1-1: Swinging Strike
1-2: Strikes out swinging
Batting: RHB Ángel Serrano 0-0: Ball
1-0: Foul Ball, location: 2F
1-1: Foul Ball, location: 2F
1-2: Fly out, F9 (Flyball, 9)
Bottom of the 9th over - 0 run(s), 1 hit(s), 0 error(s), 1 left on base; Wisconsin Rapids 8 - Erie 4
Thursday, March 30th, 2017 - OOTP Baseball 17.12 Build 75